NCAA
TEXAS LONGHORNS @ SOUTHERN CALIFORNIA TROJANS
05/01/2028
 
TOP OF THE 1ST
Texas Longhorns batting - Pitching for Southern California Trojans : RHP Carlos Encarnación
Pitching: RHP Carlos Encarnación
Batting: RHB Frank Music 0-0: Ball
1-0: Ball
2-0: Foul Ball, location: 2F
2-1: Foul Ball, location: 2F
2-2: Foul Ball, location: 2F
2-2: Fly out, F8 (Flyball, 89M)
Batting: SHB Fabio Morán 0-0: Ball
1-0: Swinging Strike
1-1: Ball
2-1: Ball
3-1: SINGLE (Groundball, 34D)
Batting: SHB Dave Hickman 0-0: Foul Ball, location: 2F
0-1: Called Strike
0-2: Ball
1-2: Ball
2-2: Fly out, F8 (Flyball, 8LM)
Batting: SHB Randy Anderson 0-0: Fielders Choice at 2nd, 4-6 (Groundball, 34)
Top of the 1st over - 0 run(s), 1 hit(s), 0 error(s), 0 left on base; Texas 0 - Southern California 0
BOTTOM OF THE 1ST
Southern California Trojans batting - Pitching for Texas Longhorns : RHP Terry Mendoza
Pitching: RHP Terry Mendoza
Batting: RHB Ben Byrd 0-0: Swinging Strike
0-1: Foul Ball, location: 2F
0-2: Ball
1-2: Fly out, F8 (Flyball, 89D)
Batting: RHB Ben Martínez 0-0: Ground out 4-3 (Groundball, 4)
Batting: LHB Kel Smith 0-0: Called Strike
0-1: Foul Ball, location: 2F
0-2: Fly out, F8 (Flyball, 8LD)
Bottom of the 1st over - 0 run(s), 0 hit(s), 0 error(s), 0 left on base; Texas 0 - Southern California 0
TOP OF THE 2ND
Texas Longhorns batting - Pitching for Southern California Trojans : RHP Carlos Encarnación
Batting: RHB Gabriel Byram 0-0: Ball
1-0: Fly out, F8 (Line Drive, 8RM)
Batting: RHB Quentin Barker 0-0: Ground out 5-3 (Groundball, 56S)
Batting: RHB Bob Cooper 0-0: Foul Ball, location: 2F
0-1: Ball
1-1: Foul Ball, location: 2F
1-2: Fly out, F8 (Line Drive, 8LM)
Top of the 2nd over - 0 run(s), 0 hit(s), 0 error(s), 0 left on base; Texas 0 - Southern California 0
BOTTOM OF THE 2ND
Southern California Trojans batting - Pitching for Texas Longhorns : RHP Terry Mendoza
Batting: RHB Mike Carter 0-0: Called Strike
0-1: Ball
1-1: Ball
2-1: SINGLE (Line Drive, 8RS)
Batting: RHB Eddy Davenport 0-0: Called Strike
0-1: Swinging Strike
0-2: Ball
1-2: Foul Ball, location: 2F
1-2: Foul Ball, location: 2F
1-2: Strikes out looking
Batting: SHB Will O'Clerkin 0-0: Ball
1-0: Called Strike
Mike Carter steals 2nd base
1-1: Ball
2-1: Swinging Strike
2-2: Foul Ball, location: 2F
2-2: TRIPLE (Flyball, 8RD)
Mike Carter scores
Batting: RHB Max MacKieson 0-0: Swinging Strike
0-1: Ball
1-1: Ball
2-1: Ball
3-1: Base on Balls
Batting: RHB John Fergusson 0-0: Foul Ball, location: 2F
0-1: Called Strike
Max MacKieson steals 2nd base
0-2: Foul Ball, location: 2F
0-2: Ball
1-2: Ball
2-2: Strikes out looking
Batting: LHB Gene Riddle 0-0: Ball
1-0: Ball
2-0: Ball
3-0: Base on Balls
Batting: RHB Ben Byrd 0-0: Ball
1-0: Called Strike
1-1: Ball
2-1: Ball
3-1: Base on Balls
Will O'Clerkin scores
Max MacKieson to third
Gene Riddle to second
Batting: RHB Ben Martínez 0-0: Foul Ball, location: 2F
0-1: SINGLE (Line Drive, 56)
Max MacKieson scores
Gene Riddle to third
Ben Byrd to second
Runner from 3rd tries for Home, SAFE, no throw
Batting: LHB Kel Smith 0-0: Called Strike
0-1: Called Strike
0-2: Foul Ball, location: 2F
0-2: Ball
1-2: Foul Ball, location: 2F
1-2: Strikes out swinging
Bottom of the 2nd over - 4 run(s), 3 hit(s), 0 error(s), 2 left on base; Texas 0 - Southern California 4
TOP OF THE 3RD
Texas Longhorns batting - Pitching for Southern California Trojans : RHP Carlos Encarnación
Batting: SHB Del McNeill 0-0: Foul Ball, location: 2F
0-1: Ground out 4-3 (Groundball, 4)
Batting: RHB William Gilmore 0-0: Ball
1-0: Called Strike
1-1: Ground out 4-3 (Groundball, 4)
Batting: RHB Frank Music 0-0: Ground out 6-3 (Groundball, 6)
Top of the 3rd over - 0 run(s), 0 hit(s), 0 error(s), 0 left on base; Texas 0 - Southern California 4
BOTTOM OF THE 3RD
Southern California Trojans batting - Pitching for Texas Longhorns : RHP Terry Mendoza
Batting: RHB Mike Carter 0-0: Ball
1-0: Called Strike
1-1: Foul Ball, location: 2F
1-2: Ground out 6-3 (Groundball, 6)
Batting: RHB Eddy Davenport 0-0: Swinging Strike
0-1: Swinging Strike
0-2: Strikes out looking
Batting: SHB Will O'Clerkin 0-0: Ground out U3 (Groundball, 3)
Bottom of the 3rd over - 0 run(s), 0 hit(s), 0 error(s), 0 left on base; Texas 0 - Southern California 4
TOP OF THE 4TH
Texas Longhorns batting - Pitching for Southern California Trojans : RHP Carlos Encarnación
Batting: SHB Fabio Morán 0-0: Called Strike
0-1: SINGLE (Groundball, 34D)
Batting: SHB Dave Hickman 0-0: Foul Ball, location: 2F
0-1: Ball
1-1: Swinging Strike
1-2: Fly out, F9 (Flyball, 9)
Batting: SHB Randy Anderson 0-0: Ball
1-0: Ball
2-0: Called Strike
2-1: Ball
3-1: Base on Balls
Fabio Morán to second
Batting: RHB Gabriel Byram 0-0: Ball
1-0: Called Strike
1-1: Called Strike
1-2: Ball
2-2: Ball
3-2: Base on Balls
Fabio Morán to third
Randy Anderson to second
Batting: RHB Quentin Barker 0-0: Ball
1-0: Ball
2-0: Called Strike
2-1: Called Strike
2-2: GRAND SLAM HOME RUN (Flyball, 8LXD), Distance : 394 ft
Batting: RHB Bob Cooper 0-0: Called Strike
0-1: Reached on error, E6 (Groundball, 6)
Batting: SHB Del McNeill 0-0: Called Strike
0-1: Fly out, F7 (Flyball, 78D)
Batting: RHB William Gilmore 0-0: Ball
1-0: SINGLE (Line Drive, 7LS)
Bob Cooper to second
Batting: RHB Frank Music 0-0: Called Strike
0-1: Reached on error, E5 (Groundball, 5)
Bob Cooper to third
William Gilmore to second
Batting: SHB Fabio Morán 0-0: Ball
1-0: Ball
2-0: Called Strike
2-1: Swinging Strike
2-2: Ball
3-2: Base on Balls
Bob Cooper scores
William Gilmore to third
Frank Music to second
Batting: SHB Dave Hickman 0-0: Ball
Wild Pitch!
William Gilmore scores
Frank Music to third
Fabio Morán to second
1-0: Ball
Wild Pitch!
Frank Music scores
Fabio Morán to third
2-0: Ball
3-0: Ground out U3 (Groundball, 34)
Top of the 4th over - 7 run(s), 3 hit(s), 2 error(s), 1 left on base; Texas 7 - Southern California 4
BOTTOM OF THE 4TH
Southern California Trojans batting - Pitching for Texas Longhorns : RHP Terry Mendoza
Batting: RHB Max MacKieson 0-0: Called Strike
0-1: Ball
1-1: Ball
2-1: Fly out, F8 (Line Drive, 8LM)
Batting: RHB John Fergusson 0-0: Ball
1-0: Foul Ball, location: 2F
1-1: Ball
2-1: Called Strike
2-2: Ball
3-2: Base on Balls
Batting: LHB Gene Riddle 0-0: Ball
1-0: Swinging Strike
Passed Ball!
John Fergusson to second
1-1: Swinging Strike
1-2: Ball
2-2: Strikes out swinging
Batting: RHB Ben Byrd 0-0: Ball
1-0: Ball
2-0: Fly out, F9 (Flyball, 9)
Bottom of the 4th over - 0 run(s), 0 hit(s), 0 error(s), 1 left on base; Texas 7 - Southern California 4
TOP OF THE 5TH
Texas Longhorns batting - Pitching for Southern California Trojans : RHP Carlos Encarnación
Pitching: RHP William Spencer
Batting: SHB Randy Anderson 0-0: Foul Ball, location: 2F
0-1: Ball
1-1: Foul Ball, location: 2F
1-2: Foul Ball, location: 2F
1-2: Foul Ball, location: 2F
1-2: Hit by Pitch
Batting: RHB Gabriel Byram 0-0: Fly out, F9 (Flyball, 9S)
Batting: RHB Quentin Barker 0-0: Ball
1-0: Fly out, F5 (Popup, 56S)
Batting: RHB Bob Cooper 0-0: Ball
1-0: Foul Ball, location: 2F
1-1: Ball
2-1: Swinging Strike
2-2: Ground out 5-3 (Groundball, 5S)
Top of the 5th over - 0 run(s), 0 hit(s), 0 error(s), 1 left on base; Texas 7 - Southern California 4
BOTTOM OF THE 5TH
Southern California Trojans batting - Pitching for Texas Longhorns : RHP Terry Mendoza
Batting: RHB Ben Martínez 0-0: Foul Ball, location: 2F
0-1: Ball
1-1: SINGLE (Groundball, 6MD)
Pitching: RHP Jeff Finley
Batting: LHB Kel Smith 0-0: Ball
1-0: Foul Ball, location: 2F
1-1: Swinging Strike
1-2: Ball
2-2: Grounds into double play, 6-4-3 (Groundball, 6)
Batting: RHB Mike Carter 0-0: Fly out, F9 (Flyball, 89M)
Bottom of the 5th over - 0 run(s), 1 hit(s), 0 error(s), 0 left on base; Texas 7 - Southern California 4
TOP OF THE 6TH
Texas Longhorns batting - Pitching for Southern California Trojans : RHP William Spencer
Batting: SHB Del McNeill 0-0: Called Strike
0-1: Ground out 1-6-3 (Groundball, 15S)
Batting: RHB William Gilmore 0-0: Called Strike
0-1: Ball
1-1: Foul Ball, location: 2F
1-2: Ball
2-2: Strikes out looking
Batting: RHB Frank Music 0-0: Called Strike
0-1: SINGLE (Line Drive, 4D)
Batting: SHB Fabio Morán 0-0: Ball
1-0: Called Strike
Frank Music steals 2nd base
1-1: Fly out, F4 (Popup, 4)
Top of the 6th over - 0 run(s), 1 hit(s), 0 error(s), 1 left on base; Texas 7 - Southern California 4
BOTTOM OF THE 6TH
Southern California Trojans batting - Pitching for Texas Longhorns : RHP Jeff Finley
Batting: RHB Eddy Davenport 0-0: Fly out, F8 (Flyball, 8LM)
Batting: SHB Will O'Clerkin 0-0: DOUBLE (Line Drive, 8RM)
Batting: RHB Max MacKieson 0-0: Ball
1-0: Ball
2-0: Ball
3-0: Base on Balls
Batting: RHB John Fergusson 0-0: Ball
1-0: Swinging Strike
1-1: Fielders Choice at 2nd, 1-6 (Groundball, 13S)
Will O'Clerkin to third
Batting: LHB Gene Riddle 0-0: Ball
1-0: Fly out, F7 (Flyball, 7S)
Bottom of the 6th over - 0 run(s), 1 hit(s), 0 error(s), 2 left on base; Texas 7 - Southern California 4
TOP OF THE 7TH
Texas Longhorns batting - Pitching for Southern California Trojans : RHP William Spencer
Batting: SHB Dave Hickman 0-0: Ball
1-0: Foul Ball, location: 2F
1-1: SINGLE (Groundball, 3D)
Batting: SHB Randy Anderson 0-0: Ball
1-0: Called Strike
1-1: Ball
2-1: Called Strike
2-2: Fly out, F7 (Line Drive, 7)
Batting: RHB Gabriel Byram 0-0: Swinging Strike
0-1: Ball
1-1: Ball
2-1: Called Strike
2-2: Strikes out looking
Batting: RHB Quentin Barker 0-0: Ball
1-0: Ball
2-0: Foul Ball, location: 2F
2-1: Fly out, F4 (Popup, 4MD)
Top of the 7th over - 0 run(s), 1 hit(s), 0 error(s), 1 left on base; Texas 7 - Southern California 4
BOTTOM OF THE 7TH
Southern California Trojans batting - Pitching for Texas Longhorns : RHP Jeff Finley
Batting: RHB Ben Byrd 0-0: Foul Ball, location: 2F
0-1: Ball
1-1: Ball
2-1: Foul Ball, location: 2F
2-2: Foul Ball, location: 2F
2-2: SINGLE (Groundball, 2L) (infield hit)
Batting: RHB Ben Martínez 0-0: Ball
1-0: Called Strike
1-1: Ball
2-1: Ball
3-1: SINGLE (Line Drive, 9S)
Ben Byrd to second
Throwing error, E9
Ben Byrd scores
Ben Martínez to second
Batting: LHB Kel Smith 0-0: Ball
1-0: Ball
2-0: Ball
3-0: Called Strike
3-1: Called Strike
3-2: Base on Balls
Batting: RHB Mike Carter 0-0: Ball
1-0: Swinging Strike
1-1: Foul Ball, location: 2F
1-2: Strikes out swinging
Batting: RHB Eddy Davenport 0-0: Ball
Kel Smith steals 2nd base
Ben Martínez to third
1-0: Ball
2-0: Called Strike
2-1: Fly out, F8 (Flyball, 78M)
Runner from 3rd tags up, SCORES, no throw
Pitching: RHP Oscar Goring
Batting: SHB Will O'Clerkin 0-0: Called Strike
0-1: Foul Ball, location: 2F
0-2: Foul Ball, location: 2F
0-2: Foul Ball, location: 2F
0-2: Strikes out swinging
Bottom of the 7th over - 2 run(s), 2 hit(s), 1 error(s), 1 left on base; Texas 7 - Southern California 6
TOP OF THE 8TH
Texas Longhorns batting - Pitching for Southern California Trojans : RHP William Spencer
Batting: RHB Bob Cooper 0-0: Ball
1-0: Ball
2-0: Called Strike
2-1: Foul Ball, location: 2F
2-2: Ground out 5-3 (Groundball, 56S)
Batting: SHB Del McNeill 0-0: Ground out 1-3 (Groundball, 13S)
Batting: RHB William Gilmore 0-0: Called Strike
0-1: Swinging Strike
0-2: Foul Ball, location: 2F
0-2: Ball
1-2: Ball
2-2: Ground out 5-3 (Groundball, 56S)
Top of the 8th over - 0 run(s), 0 hit(s), 0 error(s), 0 left on base; Texas 7 - Southern California 6
BOTTOM OF THE 8TH
Southern California Trojans batting - Pitching for Texas Longhorns : RHP Oscar Goring
Batting: RHB Max MacKieson 0-0: Called Strike
0-1: Ball
1-1: Called Strike
1-2: Ball
2-2: Ball
3-2: Foul Ball, location: 2F
3-2: Base on Balls
Batting: RHB John Fergusson 0-0: Ball
1-0: Called Strike
1-1: Swinging Strike
1-2: Ball
2-2: Strikes out swinging
Pitching: LHP Tim Morrison
Pinch Hitting: RHB Homer Griffin 0-0: Called Strike
0-1: Foul Ball, location: 2F
0-2: Strikes out looking
Pitching: RHP Ellis Coleman
Batting: RHB Ben Byrd 0-0: Called Strike
0-1: Swinging Strike
0-2: Strikes out swinging
Bottom of the 8th over - 0 run(s), 0 hit(s), 0 error(s), 1 left on base; Texas 7 - Southern California 6
TOP OF THE 9TH
Texas Longhorns batting - Pitching for Southern California Trojans : RHP William Spencer
Pitching: RHP Roberto Montoya
Now at 1B: Carl Hodge
Batting: RHB Frank Music 0-0: Called Strike
0-1: Foul Ball, location: 2F
0-2: Ball
1-2: Fly out, F5 (Line Drive, 5L)
Batting: SHB Fabio Morán 0-0: SINGLE (Groundball, 4D)
Batting: SHB Dave Hickman 0-0: Foul Ball, location: 2F
0-1: Ball
1-1: Ball
2-1: Ball
3-1: Base on Balls
Fabio Morán to second
Batting: SHB Randy Anderson 0-0: Swinging Strike
0-1: Ball
1-1: Foul Ball, location: 2F
1-2: Strikes out swinging
Batting: RHB Gabriel Byram 0-0: Swinging Strike
0-1: Foul Ball, location: 2F
0-2: Strikes out swinging
Top of the 9th over - 0 run(s), 1 hit(s), 0 error(s), 2 left on base; Texas 7 - Southern California 6
BOTTOM OF THE 9TH
Southern California Trojans batting - Pitching for Texas Longhorns : RHP Ellis Coleman
Pitching: RHP Tim Sheridan
Batting: RHB Ben Martínez 0-0: Ball
1-0: SINGLE (Groundball, 56S) (infield hit)
Batting: LHB Kel Smith 0-0: Foul Ball, location: 2F
0-1: Ball
1-1: Foul Ball, location: 2F
1-2: Ball
2-2: Fielders Choice at 2nd, 4-6 (Groundball, 4)
Batting: RHB Mike Carter 0-0: Ball
1-0: Foul Ball, location: 2F
1-1: Ball
2-1: Ball
3-1: Called Strike
3-2: Grounds into double play, 4-6-3 (Groundball, 4M)
Bottom of the 9th over - 0 run(s), 1 hit(s), 0 error(s), 0 left on base; Texas 7 - Southern California 6
Tuesday, August 8th, 2017 - OOTP Baseball 17.12 Build 75